 Dungeon Crawl Stone Soup version 0.19.1-1-g22dce08 (webtiles) character file.

3179 ponk the Grappler (level 9, -1/67 HPs)
             Began as a Ghoul Warper on Jan 19, 2017.
             Killed from afar by an orc wizard (6 damage)
             ... with a magic dart
             ... on level 7 of the Dungeon.
             The game lasted 00:19:30 (5680 turns).

ponk the Grappler (Ghoul Warper)                    Turns: 5680, Time: 00:19:31

Health: -1/67      AC:  9    Str: 22    XL:     9   Next: 95%
Magic:  10/10      EV: 12    Int: 15    God:
Gold:   286        SH:  0    Dex: 10    Spells: 1 memorised, 9 levels left

rFire  . . .     SeeInvis .       - Unarmed
rCold  + . .     Gourm    .     m - +1 leather armour of the Clam {Regen+ Int+7}
rNeg   + + +     Faith    .     (no shield)
rPois  ∞         Spirit   .     k - +2 hat
rElec  .         Reflect  .     j - +0 cloak
rCorr  .         Harm     +     q - +0 pair of gloves
MR     .....                    (no boots)
Stlth  +.........               i - amulet of harm
                                n - +1 ring of protection
                                e - +6 ring of strength

@: rotting
A: rotting body, claws 1, carnivore 3, cold resistance 1, negative energy
resistance 3, slow regeneration 1, torment resistance, unbreathing
a: no special abilities


You were on level 7 of the Dungeon.
You were not hungry.

You visited 1 branch of the dungeon, and saw 7 of its levels.

You collected 370 gold pieces.
You spent 84 gold pieces at shops.

Inventory:

Missiles
 d - 5 tomahawks of dispersal (quivered)
 g - 6 tomahawks
 E - 12 poisoned needles
 I - 2 tomahawks of returning
Armour
 j - a +0 cloak (worn)
 k - a +2 hat (worn)
 m - the +1 leather armour of the Clam (worn) {Regen+ Int+7}
   (You found it on level 4 of the Dungeon)

   It affects your intelligence (+7).
   It increases your rate of regeneration.
 q - a +0 pair of gloves (worn)
Jewellery
 e - a +6 ring of strength (left hand)
 i - an amulet of harm (around neck)
 n - a +1 ring of protection (right hand)
Wands
 y - a wand of polymorph (14/24)
Scrolls
 c - 2 scrolls of blinking
 h - a scroll of enchant weapon {unknown}
 o - a scroll of enchant armour {unknown}
 r - a scroll of recharging
 x - a scroll of fear
 B - a scroll of brand weapon {unknown}
 C - 2 scrolls of holy word {unknown}
 F - a scroll of teleportation
 K - a scroll of remove curse
Potions
 a - a potion of flight {unknown}
 l - a potion of resistance
 p - a potion of ambrosia {unknown}
 s - a potion of invisibility
 t - 9 potions of curing
 v - a potion of heal wounds {unknown}
 w - 2 potions of degeneration {unknown}
 z - 2 potions of haste {unknown}
 A - a potion of magic {unknown}
 G - a potion of lignification {unknown}
 H - a potion of berserk rage {unknown}
Books
 b - a book of Spatial Translocations

   Spells                             Type                      Level
   a - Blink                          Translocation                2
   b - Shroud of Golubria             Charms/Translocation         2
   c - Lesser Beckoning               Translocation                3
   d - Portal Projectile              Translocation                3
   e - Teleport Other                 Translocation                3
   f - Passage of Golubria            Translocation                4
Comestibles
 f - 5 meat rations
 u - 4 beef jerkies
 D - 7 chunks of flesh
 J - 7 slices of pizza


   Skills:
 - Level 2.1 Fighting
 - Level 0.8 Throwing
 - Level 0.8 Armour
 - Level 1.7 Dodging
 + Level 14.3 Unarmed Combat
 - Level 1.7 Spellcasting
 - Level 2.6 Translocations


You had 9 spell levels left.
You knew the following spells:

 Your Spells              Type           Power        Failure   Level  Hunger
a - Blink                 Tloc           N/A          14%         2    ###....


Dungeon Overview and Level Annotations

Branches:
Dungeon (7/15)             Temple (0/1) D:5

Altars:
Cheibriados

Shops:
D:4 !


Innate Abilities, Weirdness & Mutations

Your body is rotting away.
You thrive on raw meat.
You are immune to poison.
You have sharp fingernails.
You are carnivorous and can eat meat at any time.
Your flesh is cold resistant. (rC+)
You are immune to negative energy. (rN+++)
You regenerate slowly when monsters are visible.
You are immune to unholy pain and torment.
You can survive without breathing.


Message History

The orc warrior hits you with a battleaxe!!
* * * LOW HITPOINT WARNING * * *
You are too injured to fight recklessly!
You are too injured to fight recklessly!
You barely miss the orc warrior.
The orc warrior is almost dead.
The orc warrior closely misses you.
You barely miss the orc warrior.
The orc warrior is almost dead.
You hit the orc warrior.
The orc warrior is almost dead.
The orc warrior hits you with a battleaxe!
* * * LOW HITPOINT WARNING * * *
The orc wizard casts a spell.
The orc wizard blinks!
Things that are here:
a hand axe; an orc corpse The orc wizard points at you and mumbles some strange words.
The magic dart hits you!
You die...

..........# #.#
..........# #.#
..........# #§#
..........# #o#
#.#+####### #.#
..#+####### #.#
..........# #o#
..........#######)###
...(......##....@.o.#
..........##.########
..........##.#
..........##.#
###'########.# #.#
#.# ###.# #.# ....#
#.####### ###.#
#.......#


You could see an orc warrior, an orc wizard and an orc.

Vanquished Creatures
  A yak (D:7)
  Eustachio (D:6)
  A human (D:7)
  3 hogs (D:7)
  Menkaure (D:4)
  Edmund (D:5)
  A water moccasin (D:6)
  Duvessa (D:6)
  A sky beast (D:6)
  5 ogres
  2 phantoms (D:6)
  2 centaurs
  A big kobold (D:7)
  3 bullfrogs
  Dowan (D:6)
  2 scorpions (D:4)
  A quasit (D:7)
  Crazy Yiuf (D:6)
  A hound (D:6)
  A jelly (D:5)
  4 orc priests
  A bullfrog skeleton (D:4)
  A centaur skeleton (D:4)
  7 worker ants
  6 adders
  A shadow imp (D:6)
  2 oozes
  2 adder skeletons (D:7)
  An adder zombie (D:6)
  4 worms
  3 dart slugs
  5 leopard geckos
  7 orcs
  8 bats
  5 giant cockroaches
  3 goblins
  11 hobgoblins
  13 jackals
  3 quokkas
  5 frilled lizards
  A giant cockroach zombie (D:5)
  10 kobolds
  A quokka zombie (D:6)
  8 rats
  A fungus (D:6)
144 creatures vanquished.

Notes
Turn   | Place    | Note
-------+----------+-------------------------------------------
     0 | D:1      | ponk the Ghoul Warper began the quest for the Orb.
     0 | D:1      | Reached XP level 1. HP: 17/17 MP: 2/2
   394 | D:1      | Reached XP level 2. HP: 24/24 MP: 3/3
   418 | D:1      | Reached skill level 3 in Unarmed Combat
   435 | D:1      | Found a snail-covered altar of Cheibriados.
   667 | D:1      | Reached XP level 3. HP: 28/29 MP: 4/4
  1061 | D:1      | Reached skill level 4 in Unarmed Combat
  1254 | D:2      | Reached XP level 4. HP: 31/36 MP: 5/5
  1472 | D:2      | Reached skill level 5 in Unarmed Combat
  1476 | D:2      | Learned a level 2 spell: Blink
  2021 | D:3      | Found a faded altar of an unknown god.
  2199 | D:3      | Reached XP level 5. HP: 34/41 MP: 6/6
  2344 | D:4      | Reached skill level 6 in Unarmed Combat
  2476 | D:4      | Noticed an ogre
  2616 | D:4      | Noticed Menkaure
  2625 | D:4      | Killed Menkaure
  2625 | D:4      | Reached skill level 7 in Unarmed Combat
  2625 | D:4      | Reached XP level 6. HP: 17/48 MP: 7/7
  2930 | D:4      | Found Paty's Distillery.
  2947 | D:4      | Bought a potion of curing for 42 gold pieces
  2947 | D:4      | Bought a potion of curing for 42 gold pieces
  3200 | D:4      | Reached skill level 8 in Unarmed Combat
  3200 | D:4      | Reached XP level 7. HP: 43/53 MP: 8/8
  3346 | D:4      | Got an encrusted leather armour
  3377 | D:4      | Identified the +1 leather armour of the Clam {Regen+ Int+7} (You found it on level 4 of the Dungeon)
  3485 | D:4      | Reached skill level 9 in Unarmed Combat
  3576 | D:5      | Entered Level 5 of the Dungeon
  3713 | D:5      | Noticed Edmund
  3758 | D:5      | Killed Edmund
  3775 | D:5      | Found a staircase to the Ecumenical Temple.
  3779 | D:5      | Reached XP level 8. HP: 49/61 MP: 9/9
  3864 | D:5      | Reached skill level 10 in Unarmed Combat
  4453 | D:6      | Noticed Eustachio
  4467 | D:6      | Killed Eustachio
  4467 | D:6      | Reached skill level 11 in Unarmed Combat
  4474 | D:6      | Found a runed door.
  4513 | D:6      | Noticed Crazy Yiuf
  4516 | D:6      | Killed Crazy Yiuf
  4825 | D:6      | Reached skill level 12 in Unarmed Combat
  4825 | D:6      | Reached XP level 9. HP: 56/67 MP: 10/10
  4944 | D:6      | Noticed Duvessa
  4947 | D:6      | Noticed Dowan
  4951 | D:6      | Killed Duvessa
  4961 | D:6      | Killed Dowan
  4974 | D:6      | Reached skill level 13 in Unarmed Combat
  5562 | D:7      | Reached skill level 14 in Unarmed Combat
  5680 | D:7      | Killed from afar by an orc wizard

Skill      XL: |  1  2  3  4  5  6  7  8  9 |
---------------+----------------------------+-----
Unarmed Combat | 3 4 5 7 8 9 12 14 | 14.3
Fighting       | |  2.1
Throwing       | |  0.8
Armour         | |  0.8
Dodging        | |  1.7
Spellcasting   | |  1.7
Translocations | |  2.6

Action                   |  1- 3 |  4- 6 |  7- 9 || total
-------------------------+-------+-------+-------++-------
Melee: Unarmed           |   133 |   146 |   271 ||   550
       Punch             |     1 |     2 |     7 ||    10
  Use: Scroll            |       |     9 |     1 ||    10
       Potion            |       |       |     2 ||     2
 Stab: Invisible         |       |       |     3 ||     3
  Eat: Chunk             |     8 |    11 |    46 ||    65
       Meat ration       |       |       |     1 ||     1
Armor: Leather armour    |    35 |    36 |    78 ||   149
Dodge: Dodged            |    90 |    84 |   106 ||   280
